 Dungeon Crawl Stone Soup version 0.28.0-53-g5a82cb258f (webtiles) character file.

Game seed: 17071755616680582

467 styxcanada the Covert (level 6, -2/32 HPs)
             Began as a Spriggan Brigand on Aug 15, 2022.
             Slain by Duvessa
             ... wielding a +0 short sword
              (16 damage)
             ... on level 4 of the Dungeon.
             The game lasted 00:17:12 (4380 turns).

styxcanada the Covert (Spriggan Brigand)            Turns: 4380, Time: 00:17:13

Health: -2/32      AC:  3    Str:  7    XL:     6   Next: 81%
Magic:  7/7        EV: 18    Int: 13    God:
Gold:   261        SH:  0    Dex: 18    Spells: 3/5 levels left

rFire   . . .      SeeInvis +   n - +2 dagger (protect)
rCold   . . .      Faith    .   (no shield)
rNeg    . . .      Spirit   .   b - +0 robe
rPois   .          Reflect  .   (helmet restricted)
rElec   .          Harm     .   c - +0 cloak
rCorr   .          Rampage  .   (gloves unavailable)
Will    +....                   (boots unavailable)
Stlth   +++++.....              (no amulet)
HPRegen 0.10/turn               (no ring)
MPRegen 0.10/turn               (no ring)

@: very quick
A: very small, no large weapons, unfitting armour, see invisible, speed 3
a: no special abilities


You were on level 4 of the Dungeon.
You visited 1 branch of the dungeon, and saw 4 of its levels.
You also visited: Ossuary.

You collected 261 gold pieces.

Inventory:

Hand Weapons
 a - a +2 dagger
 n - a +2 dagger of protection (weapon)
 p - a +0 hunting sling
 t - a +2 dagger of flaming
Missiles
 d - 6 boomerangs (quivered)
 i - 199 stones
 m - 4 poisoned darts
Armour
 b - a +0 robe (worn)
 c - a +0 cloak (worn)
 f - a scarf of repulsion
Wands
 o - a wand of mindburst (9)
 s - a wand of flame (4)
Scrolls
 l - a scroll of fear
 w - a scroll of amnesia
Potions
 g - 2 potions of flight
 k - 2 potions of brilliance
 q - 7 potions of curing
 r - 4 potions of haste
 u - 2 potions of invisibility
 v - a potion of magic
 x - 2 potions of attraction {unknown}


   Skills:
 * Level 2.5 Fighting
 + Level 3.8 Short Blades
 + Level 2.8 Throwing
 * Level 3.3 Dodging
 * Level 9.8 Stealth
 * Level 0.7 Evocations


You had 3 spell levels left.
You knew the following spells:

 Your Spells              Type           Power      Damage    Failure   Level
a - Static Discharge      Conj/Air       0%         N/A       43%         2

Your spell library contained the following spells:

 Spells                   Type           Power      Damage    Failure   Level
 Dispel Undead            Necr           0%         3d6       97%         4
 Sticky Flame             Conj/Fire      0%         2d3       97%         4


Dungeon Overview and Level Annotations

Branches:
Dungeon (4/15)            Ossuary (visited)
 Temple: D:4-7

Altars:
Fedhas
Makhleb
Ru
Wu Jian

Annotations:
D:4 Duvessa


Innate Abilities, Weirdness & Mutations

You are very small and have problems with some larger weapons.
You are too small for most types of armour.
You have supernaturally acute eyesight. (SInv)
You cover ground extremely quickly. (Speed+++)


Message History

Duvessa rages.
Aiming: Throw Flame
Press: ? - help, Shift-Dir - straight line, f/p - Duvessa
Aim: Duvessa, wielding a +0 short sword and wearing a +0 chain mail (almost dead, berserk, 81% to hit)
The puff of flame misses Duvessa.
The puff of flame misses the adder.
Aiming: Throw Flame
Press: ? - help, Shift-Dir - straight line, f/p - Duvessa
Aim: Duvessa, wielding a +0 short sword and wearing a +0 chain mail (almost dead, berserk, 81% to hit)
The puff of flame hits Duvessa.
Duvessa is almost dead.
Duvessa rages.
Duvessa rages.
Duvessa rages.
Aiming: Throw Flame
Press: ? - help, Shift-Dir - straight line, f/p - Duvessa
Aim: Duvessa, wielding a +0 short sword and wearing a +0 chain mail (almost dead, berserk, 81% to hit)
The puff of flame hits Duvessa but does no damage.
Duvessa is almost dead.
Found a potion of heal wounds.
Duvessa rages.
You hear a shout!
You hear an angry hiss.
Duvessa rages.
You feel much better. Duvessa misses you.
You hear an angry hiss.
There is an escape hatch in the floor here.
You see here a poisoned dart.
m - 2 poisoned darts (gained 1) Duvessa misses you.
You see here a poisoned dart.
m - 3 poisoned darts (gained 1) Duvessa rages.
Duvessa hits you with a +0 short sword!
Ouch! That really hurt!
You hear a shout!
You see here a poisoned dart.
m - 4 poisoned darts (gained 1) Duvessa hits you with a +0 short sword!
Ouch! That really hurt!
You die...

##### ##...## #####
##.###.###@e.# #####.##
##.##.#.############
#.....#
#.##.#.##.........#
###.###.##
##.##.#..........#.#
....#
##.###.###.####.#####.#.#
##### ##...## #.# #.#
##..#.# ##.## #.#
#.###.#.#.# ##.#####.##
#.##.###.<# ###...S....(#
#...## ##.#


You could see Duvessa (berserk).

Vanquished Creatures
  An orc warrior (D:3)
  Dowan (D:4)
  A human zombie (Ossuary)
  A jelly (D:3)
  Ijyb (D:4)
  Terence (D:3)
  Natasha (D:3)
  3 mummies (Ossuary)
  5 adders
  An adder skeleton (D:4)
  3 adder zombies (Ossuary)
  2 worms (D:3)
  4 orcs (D:3)
  3 bats
  3 endoplasms
  4 giant cockroaches (D:3)
  A gnoll zombie (Ossuary)
  10 goblins
  9 hobgoblins
  6 kobolds
  3 quokkas (D:2)
  5 ball pythons
  A frilled lizard (D:1)
  5 goblin zombies (Ossuary)
  A hobgoblin zombie (Ossuary)
  3 quokka zombies (Ossuary)
  3 rats
  4 rat zombies (Ossuary)
86 creatures vanquished.

Notes
Turn   | Place    | Note
-------+----------+-------------------------------------------
     0 | D:1      | styxcanada the Spriggan Brigand began the quest for the
                  | Orb.
     0 | D:1      | Reached XP level 1. HP: 10/10 MP: 2/2
    70 | D:1      | Reached skill level 6 in Stealth
   312 | D:1      | Reached XP level 2. HP: 14/14 MP: 3/3
   743 | D:2      | Reached skill level 7 in Stealth
   750 | D:2      | Reached XP level 3. HP: 14/18 MP: 4/4
  1695 | D:3      | Reached XP level 4. HP: 22/23 MP: 5/5
  1754 | D:3      | Noticed Terence
  1761 | D:3      | Killed Terence
  1762 | D:3      | Reached skill level 8 in Stealth
  1864 | D:3      | Noticed an orc warrior
  1943 | D:3      | Killed an orc warrior
  1944 | D:3      | Reached XP level 5. HP: 6/26 MP: 6/6
  1945 | D:3      | Reached skill level 9 in Stealth
  2470 | D:3      | Found a blossoming altar of Fedhas.
  2537 | D:3      | Found a burning altar of Makhleb.
  2537 | D:3      | Noticed a balrug
  2541 | D:3      | Noticed a hellwing
  2541 | D:3      | Noticed a hellwing
  2735 | D:3      | Noticed Natasha
  2757 | D:3      | Killed Natasha
  2758 | D:3      | Reached XP level 6. HP: 23/31 MP: 7/7
  3048 | D:4      | Noticed Duvessa
  3048 | D:4      | Noticed Dowan
  3051 | D:4      | Killed Dowan
  3252 | D:4      | Found an ornate altar of the Wu Jian Council.
  3254 | D:4      | Found a sacrificial altar of Ru.
  3281 | D:4      | Noticed Ijyb
  3288 | D:4      | Killed Ijyb
  3296 | D:4      | Found a sand-covered staircase.
  3305 | Ossuary  | Entered an ossuary
  4182 | D:4      | Learned a level 2 spell: Static Discharge
  4380 | D:4      | Slain by Duvessa

Illustrated notes

Levels and vault maps discovered:
D:1:      dpeg_arrival_three_bigger_balls, layout_rooms
D:2:      layout_basic
D:3:      layout_basic, mainiacjoe_overflow_tiny_flanked,
          makhleb_altar_promises_db, minmay_divided_ellipse, uniq_terence,
          uniq_natasha
D:4:      layout_loops_ring, general_overflow_altar, jmf_multi_god_temple,
          nicolae_ossuary_entry_monument, uniq_duvessa, uniq_ijyb

Skill      XL: |  1  2  3  4  5  6 |
---------------+-------------------+-----
Stealth        | 6 7 8 9 |  9.8
Dodging        | 2 3 |  3.3
Fighting       | 2 |  2.5
Short Blades   | 3 |  3.8
Throwing       | |  2.8
Evocations     | |  0.7

Action                   |  1- 3 |  4- 6 || total
-------------------------+-------+-------++-------
Melee: Dagger            |    78 |   271 ||   349
       Punch             |     1 |     3 ||     4
Throw: Dart              |    11 |    23 ||    34
       Boomerang         |     1 |     7 ||     8
Evoke: Wand              |       |    17 ||    17
  Use: Potion            |       |     2 ||     2
       Scroll            |       |    12 ||    12
 Stab: Sleeping          |     6 |    17 ||    23
Armor: Robe              |    11 |    50 ||    61
Dodge: Dodged            |    47 |   170 ||   217
